 Dungeon Crawl Stone Soup version 0.20.1-1-g8b1a95d (webtiles) character file.

8071 darquill the Cleaver (level 11, 84/99 HPs)
             Began as a Deep Dwarf Fighter on June 30, 2017.
             Was an Initiate of Gozag.
             Quit the game on level 10 of the Dungeon on Dec 30, 2017.
             The game lasted 01:03:35 (7031 turns).

darquill the Cleaver (Deep Dwarf Fighter)           Turns: 7031, Time: 01:03:36

Health: 84/99      AC:  8    Str: 22    XL:     11   Next: 5%
Magic:  4/4        EV: 13    Int: 10    God:    Gozag
Gold:   1949       SH:  0    Dex: 12    Spells: 10/10 levels left

rFire    . . .     SeeInvis .   K - +8 frozen axe "Frostbite" {freezing cloud, *Noise +Fly rC+}
rCold    + . .     Gourm    .   (shield currently unavailable)
rNeg     . . .     Faith    .   b - +0 scale mail
rPois    .         Spirit   .   (no helmet)
rElec    .         Reflect  .   (no cloak)
rCorr    .         Harm     .   (no gloves)
MR       +....                  (no boots)
Stlth    +.........             (no amulet)
Regen    0.0/turn               (no ring)
MPRegen  0.1/turn               (no ring)

@: barbed spikes, gold aura, non-regenerating
A: damage resistance, heal wounds, sense surroundings 2, no regeneration
a: Heal Wounds, Potion Petition, Call Merchant, Bribe Branch, Renounce Religion,
Evoke Flight


You were on level 10 of the Dungeon.
You worshipped Gozag.
Gozag was most pleased with you.
You were not hungry.

You visited 1 branch of the dungeon, and saw 10 of its levels.

You collected 1988 gold pieces.
You paid 39 gold pieces to Gozag.

Inventory:

Hand Weapons
 w - a +2 flail of protection
 C - a +0 antimagic short sword
 K - the +8 frozen axe "Frostbite" (weapon) {freezing cloud, *Noise +Fly rC+}
   (You found it on level 7 of the Dungeon)

   It has been specially enchanted to freeze those struck by it, causing extra
   injury to most foes and up to half again as much damage against particularly
   susceptible opponents.
   It can also slow down cold-blooded creatures.
   It protects you from cold.
   It lets you fly.
   It may make noises in combat.
Missiles
 k - 10 tomahawks (quivered)
Armour
 a - a +2 robe of positive energy
 b - a +0 scale mail (worn)
 c - a +0 shield
 s - a +0 helmet
 y - a +0 plate armour
Jewellery
 H - an uncursed ring of protection from magic {unknown}
 M - the ring "Puull" {rPois rF+ Int+4, unknown}
   (You found it on level 7 of the Dungeon)

   [ring of protection from fire]

   It affects your intelligence (+4).
   It protects you from fire.
   It protects you from poison.
 R - an uncursed ring of flight {unknown}
 U - an uncursed ring of wizardry {unknown}
Wands
 D - a wand of polymorph (16/24)
 F - a wand of random effects (17/48)
 T - a wand of polymorph (9/24)
Scrolls
 h - 3 scrolls of teleportation
 l - a scroll of enchant weapon {unknown}
 m - 3 scrolls of remove curse {unknown}
 q - 4 scrolls of amnesia {unknown}
 t - 3 scrolls of fear {unknown}
 u - 4 scrolls of recharging
 x - 3 scrolls of enchant armour {unknown}
 A - a scroll of immolation {unknown}
 B - 2 scrolls of magic mapping {unknown}
 G - a scroll of fog {unknown}
 I - 2 scrolls of random uselessness {unknown}
 J - 2 scrolls of noise
 Q - 2 scrolls of identify
Potions
 d - 2 potions of might
 e - 4 potions of heal wounds
 i - 3 potions of degeneration {unknown}
 j - 3 potions of haste {unknown}
 o - 3 potions of brilliance {unknown}
 p - a potion of mutation {unknown}
 r - a potion of berserk rage {unknown}
 v - 2 potions of lignification {unknown}
 z - 5 potions of curing {unknown}
 L - a potion of cancellation {unknown}
 N - a potion of resistance {unknown}
Books
 P - a book of Necromancy

   Spells                             Type                      Level
   a - Pain                           Necromancy                   1
   b - Animate Skeleton               Necromancy                   1
   c - Vampiric Draining              Necromancy                   3
   d - Regeneration                   Charms/Necromancy            3
   e - Animate Dead                   Necromancy                   4
   f - Control Undead                 Necromancy                   4
 S - a book of Misfortune

   Spells                             Type                      Level
   a - Confusing Touch                Hexes                        1
   b - Confuse                        Hexes                        3
   c - Gell's Gravitas                Translocation                3
   d - Petrify                        Transmutation/Earth          4
   e - Metabolic Englaciation         Hexes/Ice                    5
   f - Yara's Violent Unravelling     Hexes/Transmutation          5
Miscellaneous
 E - a phial of floods
Comestibles
 f - a bread ration
 g - 9 fruits
 n - a royal jelly
 O - a meat ration


   Skills:
 + Level 6.5 Fighting
 + Level 10.7(11.7) Axes
 + Level 7.2(9.6) Maces & Flails
 + Level 0.6 Throwing
 + Level 7.9 Armour
 + Level 5.6 Dodging
 + Level 2.5 Stealth
 + Level 6.7 Shields


You had 10 spell levels left.
You didn't know any spells.

Dungeon Overview and Level Annotations

Branches:
Dungeon (10/15)            Temple (0/1) D:6            Lair (0/6) D:10
    Orc: D:9-12

Altars:
Fedhas
Gozag
Okawaru
Qazlal
Ru
Trog
Vehumet
Xom
Zin
The Shining One

Annotations:
D:10 Harold


Innate Abilities, Weirdness & Mutations

You are resistant to damage.
You can heal yourself by infusing magical energy.
You passively map the area around you.
You do not regenerate.


Message History

The barbs in your skin will harm you if you move.
Continue?
The barbed spikes dig painfully into your body as you move.
The manticore is distracted by the nearby gold.
You see here 16 gold pieces.
The barbed spikes dig painfully into your body as you move.
The hound barks!
You feel much better.
The manticore is no longer distracted by gold.
The hound is distracted by the nearby gold.
You feel much better.
The manticore is distracted by the nearby gold.
Save game and exit?
Level annotation: Harold Welcome back, darquill the Deep Dwarf Fighter.
Gozag says: Greed is good.
Press ? for a list of commands and other information.
Quiver which item? (- for none, * to show all) (? for menu, Esc to quit)
Okay, then.
Okay, then.
Are you sure you want to abandon this character and quit the game? (Confirm with "yes".)

.P...#* , * $*
, ......#*** ,
, , ,
...PH$.### ,,
, , , ,
....t.... , ,
##* ,,
....h...### *
, , .####
,..........#
** .... , ,
>.P..♣....# ,
, ... ,
.........$# **
* ** .. ,
P.P......@##
*#.
,.P...P.....#
#*#.
......P....#
#.## ,,
,....P......#
#...
,,..PP...###.#
#.## , .....#*
#.# #... , ,
,..## #.#
######## ** *
## #.#
#....... #.#
#.######


You could see a manticore (unaware), a crocodile and a hound (unaware).

Vanquished Creatures
  A two-headed ogre (D:9)
  Pikel (D:9)
  Grinder (D:3)
  3 hippogriffs
  A basilisk (D:10)
  4 yaks (D:10)
  2 water moccasins
  A slave (D:9)
  2 eyes of draining (D:5)
  An orc warrior (D:8)
  3 ice beasts
  5 phantoms
  A black bear (D:8)
  The ghost of Ruebezahl the Slasher, an amateur HuCK of Xom (D:4)
  4 centaurs
  6 ogres
  2 crocodiles
  A big kobold (D:10)
  7 bullfrogs
  A water moccasin zombie (D:8)
  A wyvern skeleton (D:7)
  2 scorpions
  The ghost of VajrapaniSR the Ruffian, a weakling TrMo (D:6)
  10 wights
  2 killer bees (D:10)
  2 howler monkeys
  2 bullfrog zombies
  8 crimson imps
  2 quasits
  2 centaur zombies
  3 hounds
  2 bullfrog skeletons
  A jelly (D:9)
  4 orc priests
  An iguana (D:10)
  6 worker ants
  9 orc wizards
  A killer bee zombie (D:8)
  2 hound skeletons
  7 gnolls (D:5)
  14 adders
  An ooze (D:1)
  3 worms
  3 dart slugs (D:2)
  4 leopard geckos
  33 orcs
  6 giant cockroaches
  12 goblins
  7 hobgoblins
  19 jackals
  18 kobolds
  5 quokkas
  3 ball pythons
  5 bats
  5 frilled lizards
  A jackal skeleton (D:4)
  A leopard gecko skeleton (D:5)
  A quokka zombie (D:6)
  6 rats
263 creatures vanquished.

Vanquished Creatures (others)
  A centaur skeleton (D:10)
  An orc wizard (D:9)
  2 fungi (D:10)
  10 plants (D:10)
14 creatures vanquished.

Grand Total: 277 creatures vanquished

Notes
Turn   | Place    | Note
-------+----------+-------------------------------------------
     0 | D:1      | darquill the Deep Dwarf Fighter began the quest for the Orb.
     0 | D:1      | Reached XP level 1. HP: 20/20 MP: 1/1
    74 | D:1      | Reached XP level 2. HP: 27/27 MP: 2/2
   185 | D:1      | You fall through a shaft!
   185 | D:2      | Found a blossoming altar of Fedhas.
   261 | D:2      | Reached XP level 3. HP: 28/33 MP: 3/3
   371 | D:2      | Reached skill level 3 in Axes
   371 | D:2      | Reached skill level 1 in Dodging
   577 | D:2      | Reached XP level 4. HP: 28/40 MP: 3/3
   909 | D:3      | Found an opulent altar of Gozag.
   919 | D:3      | Became a worshipper of Gozag Ym Sagoz the Greedy
   984 | D:3      | Reached XP level 5. HP: 29/49 MP: 4/4
   988 | D:3      | Reached skill level 4 in Axes
  1344 | D:3      | Noticed Grinder
  1345 | D:3      | Paralysed by Grinder for 3 turns
  1358 | D:3      | Paralysed by Grinder for 6 turns
  1367 | D:3      | Killed Grinder
  1367 | D:3      | Reached skill level 1 in Stealth
  1367 | D:3      | Reached XP level 6. HP: 32/56 MP: 5/5
  1710 | D:4      | Noticed Ruebezahl's ghost (amateur HuCK)
  1742 | D:4      | Killed Ruebezahl's ghost
  1783 | D:4      | Reached XP level 7. HP: 55/62 MP: 6/6
  2021 | D:4      | Reached skill level 5 in Armour
  2034 | D:4      | Reached skill level 5 in Shields
  2562 | D:5      | Entered Level 5 of the Dungeon
  2715 | D:5      | Reached XP level 8. HP: 72/72 MP: 5/5
  2811 | D:5      | Reached skill level 5 in Maces & Flails
  3078 | D:5      | Found a bloodstained altar of Trog.
  3197 | D:5      | Found an iron altar of Okawaru.
  3455 | D:5      | Upgraded the game from 0.20.0-15-g7f486f2 to 0.20.1
  3557 | D:6      | Found a staircase to the Ecumenical Temple.
  3692 | D:6      | Noticed VajrapaniSR's ghost (weakling TrMo)
  3706 | D:6      | Killed VajrapaniSR's ghost
  3796 | D:6      | Gained mutation: You passively map the area around you. [Deep Dwarf growth]
  3796 | D:6      | Reached XP level 9. HP: 68/79 MP: 5/5
  4143 | D:6      | Upgraded the game from 0.20.1 to 0.20.1-1-g8b1a95d
  4386 | D:7      | Got a smoking silver ring
  4592 | D:7      | Reached skill level 5 in Fighting
  4592 | D:7      | Reached skill level 5 in Axes
  5106 | D:8      | Reached skill level 6 in Axes
  5256 | D:8      | Reached skill level 7 in Axes
  5360 | D:8      | Found a radiant altar of Vehumet.
  5361 | D:8      | Found a blossoming altar of Fedhas.
  5362 | D:8      | Found a sacrificial altar of Ru.
  5362 | D:8      | Found a glowing golden altar of the Shining One.
  5362 | D:8      | Found a stormy altar of Qazlal.
  5363 | D:8      | Found a glowing silver altar of Zin.
  5365 | D:8      | Found an iron altar of Okawaru.
  5443 | D:8      | Found a shimmering altar of Xom.
  5456 | D:8      | Found a shimmering altar of Xom.
  5497 | D:8      | Reached skill level 5 in Dodging
  5497 | D:8      | Reached XP level 10. HP: 64/88 MP: 5/5
  5830 | D:9      | Reached skill level 8 in Axes
  5911 | D:9      | Noticed Pikel
  5921 | D:9      | Killed Pikel
  6352 | D:9      | Noticed a two-headed ogre
  6361 | D:9      | Killed a two-headed ogre
  6361 | D:9      | Reached skill level 9 in Axes
  6471 | D:10     | Entered Level 10 of the Dungeon
  6699 | D:10     | Noticed Harold
  6900 | D:10     | Reached skill level 10 in Axes
  6996 | D:10     | Reached XP level 11. HP: 67/98 MP: 4/4
  7024 | D:10     | Found a staircase to the Lair.
  7031 | D:10     | Quit the game

Skill      XL: |  1  2  3  4  5  6  7  8  9 10 |
---------------+-------------------------------+-----
Axes           | 3 4 7 10 | 10.7
Dodging        | 1 2 4 5 |  5.6
Armour         | 4 5 6 7 |  7.9
Fighting       | 3 4 5 6 |  6.5
Shields        | 4 5 6 |  6.7
Maces & Flails | 2 3 4 6 7 |  7.2
Stealth        | 1 2 |  2.5
Throwing       | |  0.6

Action                   |  1- 3 |  4- 6 |  7- 9 | 10-12 || total
-------------------------+-------+-------+-------+-------++-------
Melee: War axe           |   126 |    89 |       |       ||   215
       Flail             |       |    79 |   402 |       ||   481
       Executioner's axe |       |       |   120 |   132 ||   252
Throw: Tomahawk          |       |       |     6 |       ||     6
Invok: Potion Petition   |       |     1 |       |       ||     1
 Abil: Heal Wounds       |     2 |     5 |    15 |     7 ||    29
  Use: Scroll            |       |       |     5 |     1 ||     6
       Potion            |       |       |       |     2 ||     2
 Stab: Invisible         |       |     1 |       |       ||     1
       Distracted        |       |       |       |     2 ||     2
  Eat: Royal jelly       |     1 |     1 |       |       ||     2
       Bread ration      |       |       |     2 |     1 ||     3
       Meat ration       |       |       |     1 |       ||     1
       Fruit             |       |       |       |     3 ||     3
Armor: Scale mail        |    58 |    68 |   273 |    56 ||   455
Dodge: Dodged            |    45 |    87 |   258 |    87 ||   477
Block: Shield            |    75 |    92 |   220 |       ||   387
